 Dungeon Crawl Stone Soup version 0.21-a0-442-g848f44b (webtiles) character file.

70 esteth the Sneak (level 4, -1/21 HPs)
             Began as a Spriggan Enchanter on Nov 16, 2017.
             Slain by an orc
             ... wielding a +0 mace
              (8 damage)
             ... on level 3 of the Dungeon.
             The game lasted 00:03:25 (1662 turns).

esteth the Sneak (Spriggan Enchanter)               Turns: 1662, Time: 00:03:26

Health: -1/21      AC:  3    Str:  4    XL:     4   Next: 3%
Magic:  3/9        EV: 18    Int: 17    God:
Gold:   60         SH:  0    Dex: 16    Spells: 5/8 levels left

rFire    . . .     SeeInvis +   a - +1 dagger
rCold    . . .     Gourm    .   (shield restricted)
rNeg     . . .     Faith    .   b - +0 robe
rPois    .         Spirit   .   (helmet restricted)
rElec    .         Reflect  .   p - +0 cloak
rCorr    .         Harm     .   (gloves unavailable)
MR       .....     Rnd*Tele +   (boots unavailable)
Stlth    ++++......             (no amulet)
HPRegen  0.07/turn              h - ring of teleportation (curse)
MPRegen  0.11/turn              (no ring)

@: very quick
A: unfitting armour, see invisible, herbivore 3, speed 3, slow metabolism 2
a: no special abilities


You were on level 3 of the Dungeon.
You were not hungry.

You visited 1 branch of the dungeon, and saw 3 of its levels.

You collected 60 gold pieces.

Inventory:

Hand Weapons
 a - a +1 dagger (weapon)
Armour
 b - a +0 robe (worn)
 f - a +0 buckler
 p - a +0 cloak (worn)
Jewellery
 h - a cursed ring of teleportation (left hand)
Scrolls
 e - a scroll of magic mapping
 i - a scroll of identify {unknown}
 k - a scroll of enchant weapon {unknown}
 l - 2 scrolls of teleportation {unknown}
 m - a scroll of amnesia {unknown}
 o - a scroll of fear {unknown}
 q - a scroll of blinking
Potions
 g - a potion of might {unknown}
 j - a potion of magic {unknown}
 n - 2 potions of curing {unknown}
Books
 c - a book of Maledictions

   Spells                             Type                      Level
   a - Corona                         Hexes                        1
   b - Ensorcelled Hibernation        Hexes/Ice                    2
   c - Confuse                        Hexes                        3
   d - Tukima's Dance                 Hexes                        3
   e - Dazzling Spray                 Conjuration/Hexes            3
Comestibles
 d - 2 bread rations


   Skills:
 - Level 1.1 Short Blades
 - Level 3.0 Dodging
 + Level 7.6 Stealth
 - Level 2.6 Spellcasting
 - Level 3.6 Hexes


You had 5 spell levels left.
You knew the following spells:

 Your Spells              Type           Power        Failure   Level  Hunger
a - Corona                Hex            ##.....      4%          1    #......
b - Ensorcelled Hibernat  Hex/Ice        #.....       13%         2    ##.....


Dungeon Overview and Level Annotations

Branches:
Dungeon (3/15)

Altars:
Elyvilon
Vehumet
Yredelemnul


Innate Abilities, Weirdness & Mutations

You are very small and have problems with some larger weapons.
You are too small for most types of armour.
You have supernaturally acute eyesight. (SInv)
You are a herbivore.
You cover ground extremely quickly.
You need consume almost no food.


Message History

The orc priest resists with some effort.
The orc completely misses you. The orc barely misses you.
The orc priest closely misses you.
Casting: Ensorcelled Hibernation
Confirm with . or Enter, or press ? or * to list all spells.
Aiming: Ensorcelled Hibernation
Press: ? - help, Shift-Dir - straight line, f/p - orc priest
Aim: an orc priest, wearing a chain mail (lightly wounded, chance to defeat MR: 39%)
The orc priest resists with some effort.
The orc misses you. The orc priest completely misses you.
The orc hits you with a war axe. The orc misses you.
Casting: Ensorcelled Hibernation
Confirm with . or Enter, or press ? or * to list all spells.
Aiming: Ensorcelled Hibernation
Press: ? - help, Shift-Dir - straight line, f/p - orc priest
Aim: an orc priest, wearing a chain mail (lightly wounded, chance to defeat MR: 39%)
The orc priest resists with some effort.
The orc hits you but does no damage. The orc priest hits you.
The orc hits you with a war axe! The orc hits you with a mace!
You die...

#...# #...#
#...#
######...######
#.............#.
............>...
..........o..#.
####..oo#.####
#..@o#.#
#...o..#
#.....#.#
#.#....#...
#........ ....
#.#.#.#####..##
. ##.# .# ##


You could see an orc priest and 3 orcs.

Vanquished Creatures
  Terence (D:2)
  2 gnolls (D:2)
  A dart slug (D:1)
  A giant cockroach (D:1)
  3 goblins
  4 hobgoblins (D:1)
  A jackal (D:1)
  2 kobolds
  5 frilled lizards
  5 rats (D:1)
25 creatures vanquished.

Notes
Turn   | Place    | Note
-------+----------+-------------------------------------------
     0 | D:1      | esteth the Spriggan Enchanter began the quest for the Orb.
     0 | D:1      | Reached XP level 1. HP: 9/9 MP: 5/5
    93 | D:1      | Reached skill level 5 in Stealth
   189 | D:1      | Reached XP level 2. HP: 8/13 MP: 6/6
   193 | D:1      | Learned a level 2 spell: Ensorcelled Hibernation
   602 | D:1      | Reached skill level 6 in Stealth
   945 | D:2      | Found a radiant altar of Vehumet.
  1223 | D:2      | Found a white marble altar of Elyvilon.
  1447 | D:2      | Noticed Terence
  1454 | D:2      | Killed Terence
  1454 | D:2      | Reached skill level 7 in Stealth
  1454 | D:2      | Reached XP level 3. HP: 16/16 MP: 8/8
  1471 | D:2      | Found a basalt altar of Yredelemnul.
  1543 | D:2      | Reached XP level 4. HP: 14/21 MP: 0/9
  1662 | D:3      | Slain by an orc

Vault maps used:
D:1:      lordsloth_arrival_two_stooges, minmay_tripent
D:2:      kennysheep_ying_yang, vehumet_crystals, uniq_terence
D:3:      fedhas_altar_2

Skill      XL: |  1  2 |
---------------+-------+-----
Stealth        | 5 7 |  7.6
Short Blades   | |  1.1
Dodging        | |  3.0
Spellcasting   | |  2.6
Hexes          | |  3.6

Action                   |  1- 3 |  4- 6 || total
-------------------------+-------+-------++-------
Melee: Dagger            |    89 |     5 ||    94
 Cast: Ensorcelled Hiber |     4 |     3 ||     7
  Use: Scroll            |     2 |       ||     2
 Stab: Sleeping          |     7 |       ||     7
       Distracted        |     1 |       ||     1
Armor: Robe              |     2 |       ||     2
Dodge: Dodged            |    65 |    14 ||    79
Block: Buckler           |     9 |       ||     9

Table legend:
 A = Spawn XP
 B = Non-spawn XP
 C = Spawn XP percentage of total XP
 D = Spawn monster count
 E = Non-spawn monster count
 F = Spawn count percentage of total count
 G = Total turns spent on level
                    A         B        C        D         E        F      G
               +---------+---------+-------+---------+---------+-------+---------
         Total |       0 |     100 |   0.0 |       0 |      25 |   0.0 |  1662
               +---------+---------+-------+---------+---------+-------+---------
           D:1 |       0 |      30 |   0.0 |       0 |      18 |   0.0 |   915
           D:2 |       0 |      70 |   0.0 |       0 |       7 |   0.0 |   713
               +---------+---------+-------+---------+---------+-------+---------
